 Dungeon Crawl Stone Soup version 0.25-a0-670-g50981ef59b (webtiles) character file.

Game seed: 4594468804745758647, levelgen mode: deterministic

221 Error4North the Magician (level 5, 0/40 HPs)
             Began as a Draconian Wizard on Mar 29, 2020.
             Succumbed to an orc wizard's poison
             ... on level 4 of the Dungeon.
             The game lasted 00:32:32 (5925 turns).

Error4North the Magician (Draconian Wizard)         Turns: 5925, Time: 00:32:33

Health: 0/40       AC:  8    Str: 10    XL:     5   Next: 65%
Magic:  3/10       EV: 13    Int: 19    God:
Gold:   114        SH:  4    Dex: 17    Spells: 1/11 levels left

rFire    . . .     SeeInvis .   (no weapon)
rCold    . . .     Gourm    .   (no shield)
rNeg     . . .     Faith    .   (armour unavailable)
rPois    .         Spirit   .   a - +0 hat
rElec    .         Reflect  +   k - +2 cloak
rCorr    .         Harm     .   (no gloves)
MR       .....                  (no boots)
Stlth    ++........             h - +4 amulet of reflection
HPRegen  0.13/turn              f - +3 ring of dexterity
MPRegen  0.12/turn              m - +5 ring of dexterity

@: lethally poisoned (0 -> -5), hasted, very quick
A: unfitting armour, cold-blooded, AC +5
a: no special abilities


You were on level 4 of the Dungeon.
You were not hungry.

You visited 1 branch of the dungeon, and saw 4 of its levels.

You collected 114 gold pieces.

Inventory:

Missiles
 j - 2 boomerangs (quivered)
 l - 4 silver boomerangs
 o - 215 stones
Armour
 a - a +0 hat (worn)
 k - a +2 cloak (worn)
Jewellery
 f - a +3 ring of dexterity (left hand)
 h - a +4 amulet of reflection (around neck)
 m - a +5 ring of dexterity (right hand)
Wands
 v - a wand of acid (12)
Scrolls
 b - 2 scrolls of identify
 d - a scroll of immolation {unknown}
 e - 3 scrolls of noise {unknown}
 g - a scroll of enchant weapon {unknown}
 i - a scroll of fear {unknown}
 n - a scroll of magic mapping {unknown}
 p - a scroll of teleportation {unknown}
 q - a scroll of remove curse {unknown}
 t - 2 scrolls of amnesia {unknown}
Potions
 s - a potion of might
Comestibles
 c - 2 rations


   Skills:
 * Level 1.6 Fighting
 * Level 2.3 Dodging
 * Level 2.2 Stealth
 * Level 0.7 Unarmed Combat
 * Level 3.9 Spellcasting
 * Level 1.7 Conjurations
 * Level 1.2 Hexes
 * Level 2.1 Summonings
 * Level 1.3 Translocations
 * Level 1.3 Fire Magic
 * Level 0.1 Evocations


You had one spell level left.
You knew the following spells:

 Your Spells              Type           Power        Failure   Level  Hunger
a - Magic Dart            Conj           ##..         7%          1    None
b - Blink                 Tloc           N/A          12%         2    ##.....
c - Call Imp              Summ           ##......     9%          2    ##.....
d - Slow                  Hex            #.......     13%         2    ##.....
e - Conjure Flame         Conj/Fire      #.......     22%         3    ###....

Your spell library contained the following spells:

 Spells                   Type           Power        Failure   Level  Hunger
 Mephitic Cloud           Conj/Pois/Air  #.......     32%         3    ###....


Dungeon Overview and Level Annotations

Branches:
Dungeon (4/15)
 Temple: D:4-7

Altars:
Qazlal
Ru
Xom

Shops:
D:4 *


Innate Abilities, Weirdness & Mutations

Your plain brown scales are hard. (AC +5)
You cannot fit into any form of body armour.
You are cold-blooded and may be slowed by cold attacks.


Message History

You feel sick.
Found a shimmering altar of Xom.
* * * LOW HITPOINT WARNING * * *
You feel sick.
Found a shimmering altar of Xom.
Found a shimmering altar of Xom.
* * * LOW HITPOINT WARNING * * *
You feel sick.
It was a potion of haste.
You feel yourself speed up.
* * * LOW HITPOINT WARNING * * *
You feel sick. You block something's attack.
Your crimson imp barely misses something.
* * * LOW HITPOINT WARNING * * *
You feel sick.
There is a lethal amount of poison in your body!
A worker ant comes into view.
* * * LOW HITPOINT WARNING * * *
You feel sick.
There is a shimmering altar of Xom here.
You die...

..... ..... ...#
..# ##^## .
##.≈^## .. ..
##.^♣#_## .a.
#..#^.@...≈#.....
#.#..≈≈≈_.#.....
#.^..^_≈.♣^......
####...5{≈#.......
# #.§..≈♣≈#.......
# ##♣#...##.......
## #≈..##.......#
#.
##.##........####.
#.........(###...


You could see a friendly crimson imp.

Vanquished Creatures
  An orc priest (D:3)
  A worker ant (D:3)
  2 adders
  A gnoll (D:3)
  An ooze (D:3)
  An adder skeleton (D:4)
  A leopard gecko (D:1)
  An orc (D:3)
  3 giant cockroaches
  7 goblins
  6 hobgoblins
  A jackal (D:1)
  4 kobolds
  A quokka (D:1)
  2 bats
  2 frilled lizards (D:1)
  7 rats
42 creatures vanquished.

Vanquished Creatures (collateral kills)
  An iguana (D:4)
  A worker ant (D:3)
  5 gnolls (D:3)
  5 adders
  A worm (D:3)
  A dart slug (D:2)
  A leopard gecko (D:3)
  7 orcs
  3 goblins
  4 hobgoblins
  2 jackals (D:3)
  3 kobolds (D:2)
  2 bats (D:2)
36 creatures vanquished.

Grand Total: 78 creatures vanquished

Notes
Turn   | Place    | Note
-------+----------+-------------------------------------------
     0 | D:1      | Error4North the Draconian Wizard began the quest for the
                  | Orb.
     0 | D:1      | Reached XP level 1. HP: 14/14 MP: 4/4
   145 | D:1      | Reached XP level 2. HP: 19/20 MP: 1/6
   720 | D:1      | Learned a level 2 spell: Blink
   723 | D:1      | Learned a level 2 spell: Call Imp
   726 | D:1      | Learned a level 2 spell: Slow
  1588 | D:1      | Reached XP level 3. HP: 21/27 MP: 8/8
  1761 | D:2      | Found a sacrificial altar of Ru.
  2070 | D:2      | Found a faded altar of an unknown god.
  2960 | D:3      | Reached XP level 4. HP: 34/34 MP: 6/9
  2965 | D:3      | Learned a level 3 spell: Conjure Flame
  3100 | D:3      | Found a stormy altar of Qazlal.
  3146 | D:3      | Noticed Grinder
  3151 | D:3      | Paralysed by Grinder for 2 turns
  3164 | D:3      | Reached skill level 1 in Fighting
  4203 | D:3      | Reached skill level 1 in Fire Magic
  4203 | D:3      | Reached XP level 5. HP: 33/40 MP: 7/10
  4779 | D:4      | Found Qomnehewn's General Store.
  5042 | D:4      | Noticed an ogre
  5540 | D:3      | HP: 2/40 [orc priest/nerve-wracking pain (12)]
  5545 | D:3      | Reached skill level 1 in Hexes
  5913 | D:4      | Found a shimmering altar of Xom.
  5914 | D:4      | Found a shimmering altar of Xom.
  5915 | D:4      | Found a shimmering altar of Xom.
  5917 | D:4      | HP: 2/40 [poisoned by an orc wizard]
  5922 | D:4      | HP: 1/40 [poisoned by an orc wizard]
  5925 | D:4      | Succumbed to an orc wizard's poison

Levels and vault maps discovered:
D:1:      dpeg_arrival_chase, layout_loops_ring, minmay_misc_feat_secret_circle,
          minmay_heptomino_o4
D:2:      layout_basic, overflow_temple_1_default, first_ration,
          chequers_ecumenical_altar_simple_redux, minmay_cupped
D:3:      layout_loops_corners, grunt_qazlal_sundering, uniq_grinder
D:4:      layout_cave_pods, serial_shops, shop_statue, shop, xom_redecorated

Skill      XL: |  1  2  3  4  5 |
---------------+----------------+-----
Dodging        | 2 |  2.3
Stealth        | 2 |  2.2
Fighting       | 1 |  1.6
Summonings     | 2 |  2.1
Fire Magic     | 1 |  1.3
Hexes          | 1 |  1.2
Unarmed Combat | |  0.7
Spellcasting   | |  3.9
Conjurations   | |  1.7
Translocations | |  1.3
Evocations     | |  0.1

Action                   |  1- 3 |  4- 6 || total
-------------------------+-------+-------++-------
Melee: Unarmed           |   147 |   140 ||   287
       Tailslap          |    15 |    15 ||    30
Throw: Boomerang         |     6 |     5 ||    11
 Cast: Magic Dart        |    41 |    13 ||    54
       Call Imp          |    17 |    51 ||    68
       Blink             |     1 |       ||     1
       Slow              |       |     5 ||     5
       Conjure Flame     |       |     1 ||     1
  Use: Potion            |     1 |     3 ||     4
       Scroll            |     1 |       ||     1
 Stab: Sleeping          |     2 |       ||     2
       Distracted        |       |     1 ||     1
  Eat: Ration            |     2 |     3 ||     5
       Chunk             |       |     2 ||     2
Armor: Skin              |    40 |    37 ||    77
Dodge: Dodged            |   121 |    93 ||   214
Block: Other             |       |    25 ||    25
       Reflection        |       |     1 ||     1

Table legend:
 A = Non-vault XP
 B = Vault XP
 C = Vault XP percentage of total XP
 D = Non-vault monster count
 E = Vault monster count
 F = Vault count percentage of total count
                 A         B        C        D         E       F
            +---------+---------+-------+---------+---------+-------
      Total |     308 |       8 |   2.5 |      73 |       5 |   6.4
            +---------+---------+-------+---------+---------+-------
        D:1 |      36 |       5 |  12.2 |      22 |       3 |  12.0
        D:2 |      46 |       3 |   6.1 |      17 |       2 |  10.5
        D:3 |     198 |       0 |   0.0 |      31 |       0 |   0.0
        D:4 |      28 |       0 |   0.0 |       3 |       0 |   0.0
            +---------+---------+-------+---------+---------+-------
